 Dungeon Sprint DCSS version 0.29.1-12-g30fa7ad0bf (webtiles) character file.

Game seed: 12667147014196778257

1091 Groucho the Unseen (level 8, -12/36 HPs)
             Began as a Spriggan Enchanter on Dec 28, 2022.
             Mangled by a boulder beetle (26 damage)
             ... in the Dungeon (Sprint II: "The Violet Keep of Menkaure").
             The game lasted 00:01:19 (78 turns).

Groucho the Unseen (Spriggan Enchanter)               Turns: 78, Time: 00:01:19

Health: -12/36     AC:  2    Str:  6    XL:     8   Next: 9%
Magic:  7/22       EV: 17    Int: 17    God:
Gold:   0          SH:  0    Dex: 15    Spells: 18/26 levels left

rFire   . . .      SeeInvis +   a - +1 dagger
rCold   . . .      Faith    .   (no shield)
rNeg    . . .      Spirit   .   b - +0 robe
rPois   .          Reflect  .   (helmet restricted)
rElec   .          Harm     .   (no cloak)
rCorr   .          Rampage  .   (gloves unavailable)
Will    +....      NoTele   +   (boots unavailable)
Stlth   +++++++...              (no amulet)
HPRegen 0.12/turn               (no ring)
MPRegen 0.18/turn               (no ring)

@: very quick
A: very small, no large weapons, unfitting armour, see invisible, speed 3
a: no special abilities


You were in the Dungeon.
You visited 1 branch

Inventory:

Hand Weapons
 a - a +1 dagger (weapon)
Armour
 b - a +0 robe (worn)
Scrolls
 i - a scroll of blinking
Potions
 c - a potion of invisibility
 d - a potion of curing
 e - a potion of heal wounds
 g - 2 potions of magic
 h - a potion of berserk rage


   Skills:
 + Level 8.8 Short Blades
 - Level 2.6 Dodging
 - Level 17.4 Stealth
 + Level 9.9 Spellcasting
 + Level 10.2 Hexes


You had 18 spell levels left.
You knew the following spells:

 Your Spells              Type           Power      Damage    Failure   Level
a - Ensorcelled Hibernat  Hex/Ice        50%        N/A       1%          2
b - Confusing Touch       Hex            43%        N/A       1%          3
c - Dazzling Flash        Conj/Hex       50%        N/A       3%          3

Your spell library contained the following spells:

 Spells                   Type           Power      Damage    Failure   Level
 Tukima's Dance           Hex            43%        N/A       1%          3


Dungeon Overview and Level Annotations

Branches:
Dungeon (1/1)

Altars:


Innate Abilities, Weirdness & Mutations

You are very small and have problems with some larger weapons.
You are too small for most types of armour.
You have supernaturally acute eyesight. (SInv)
You cover ground extremely quickly. (Speed+++)


Message History

The boulder beetle bites you!!
Ouch! That really hurt!
Unknown command.
Unknown command.
Unknown command.
There is an open door here.
You close the door.
Memorise Ensorcelled Hibernation, consuming 2 spell levels and leaving 24?
You feel yourself slow down.
You start memorising the spell.
You continue memorising. x2
You finish memorising.
Spell assigned to 'a'.
Memorise Confusing Touch, consuming 3 spell levels and leaving 21?
You start memorising the spell.
You continue memorising. x3
You flicker for a moment.
You finish memorising.
Spell assigned to 'b'.
This spell is dangerous to cast!
Memorise Dazzling Flash, consuming 3 spell levels and leaving 18?
You start memorising the spell.
You continue memorising. x3
You finish memorising.
Spell assigned to 'c'.
You can't go up here!
You open the door.
You flicker back into view.
Cast which spell? (? or * to list)
Aiming: Ensorcelled Hibernation (safe; 1% risk of failure)
Press: ? - help, Shift-Dir - straight line, f - boulder beetle
Aim: a boulder beetle (moderately wounded, wandering, hasn't noticed you, chance to affect: 38%)
The boulder beetle easily resists.
Casting: Ensorcelled Hibernation (safe; 1% risk of failure)
Confirm with . or Enter, or press ? or * to list all spells.
Aiming: Ensorcelled Hibernation (safe; 1% risk of failure)
Press: ? - help, Shift-Dir - straight line, f/p - boulder beetle
Aim: a boulder beetle (moderately wounded, chance to affect: 38%)
The boulder beetle looks drowsy...
There is an open door here.
The boulder beetle misses you.
You hit the boulder beetle but do no damage.
The boulder beetle is moderately wounded.
The boulder beetle bites you!!
Ouch! That really hurt!
You die...

##+## ##$#.##
#.B#†.# ##
#@#.# ##
##.###'###.##
#...##.##.w.#
+$##'.<†+$#
#.†.##.####
##†###†## ##
#.#.# #..#..#
###$###


You could see a boulder beetle.

Vanquished Creatures
  A boulder beetle (D)
  4 necrophages (D)
  4 scorpions (D)
  A worm (D)
10 creatures vanquished.

Notes
Turn   | Place    | Note
-------+----------+-------------------------------------------
     0 | D        | Groucho the Spriggan Enchanter began the quest for the Orb.
     0 | D        | Reached XP level 1. HP: 9/9 MP: 5/5
     3 | D        | Noticed a necrophage
     3 | D        | Noticed a necrophage
     3 | D        | Noticed a necrophage
     3 | D        | Noticed a necrophage
     6 | D        | Noticed a boulder beetle
     6 | D        | Noticed a boulder beetle
    14 | D        | Reached skill level 5 in Stealth
    20 | D        | Noticed a scorpion
    20 | D        | Noticed a scorpion
    20 | D        | Noticed a scorpion
    20 | D        | Noticed a scorpion
    25 | D        | Killed a scorpion
    26 | D        | Reached skill level 8 in Stealth
    26 | D        | Reached skill level 5 in Hexes
    26 | D        | Reached XP level 2. HP: 13/13 MP: 5/8
    26 | D        | Reached XP level 3. HP: 16/16 MP: 6/10
    26 | D        | Killed a scorpion
    27 | D        | Reached skill level 10 in Stealth
    27 | D        | Reached skill level 5 in Spellcasting
    27 | D        | Reached XP level 4. HP: 21/21 MP: 6/12
    36 | D        | Killed a scorpion
    37 | D        | Reached skill level 5 in Short Blades
    37 | D        | Reached skill level 11 in Stealth
    37 | D        | Reached XP level 5. HP: 22/24 MP: 6/14
    39 | D        | Reached skill level 12 in Stealth
    44 | D        | Reached skill level 13 in Stealth
    44 | D        | Reached XP level 6. HP: 26/28 MP: 7/17
    48 | D        | Reached skill level 14 in Stealth
    55 | D        | Killed a boulder beetle
    56 | D        | Reached skill level 17 in Stealth
    56 | D        | Reached skill level 10 in Hexes
    56 | D        | Reached XP level 7. HP: 30/32 MP: 7/21
    56 | D        | Reached XP level 8. HP: 34/36 MP: 7/22
    65 | D        | Learned a level 2 spell: Ensorcelled Hibernation
    69 | D        | Learned a level 3 spell: Confusing Touch
    73 | D        | Learned a level 3 spell: Dazzling Flash
    78 | D        | Mangled by a boulder beetle

Illustrated notes

Levels and vault maps discovered:
D:        the_violet_keep_of_menkaure [sprint2_stairs_cluster_1,
          sprint2_shoproom, sprint2_temple, sprint2_basic_supplies,
          sprint2_obstacle_6, sprint2_obstacle_5, sprint2_obstacle_4,
          sprint2_obstacle_7, sprint2_obstacle_3, sprint2_timed_cluster_1,
          sprint2_smallroom_cluster_1, sprint2_smallroom_final_cluster_1,
          sprint2_transparent_cluster_1, sprint2_second_timed_cluster_1,
          sprint2_sniper_area_1, sprint2_heavy_combat_area_1,
          sprint2_mutation_trap_area_1, sprint2_forest_area_1,
          sprint2_light_combat_area_1, sprint2_behind_water_1,
          sprint2_near_end_vault_1]

Skill      XL: |  1  2  3  4  5  6 |
---------------+-------------------+-----
Stealth        | 8 10 11 13 17 | 17.4
Spellcasting   | 4 5 6 7 9 |  9.9
Hexes          | 5 6 7 10 | 10.2
Short Blades   | 3 4 5 6 8 |  8.8
Dodging        | |  2.6

Action                   |  1- 3 |  4- 6 |  7- 9 || total
-------------------------+-------+-------+-------++-------
Melee: Dagger            |     4 |    15 |     2 ||    21
 Cast: Ensorcelled Hiber |       |       |     2 ||     2
  Use: Potion            |     2 |       |       ||     2
 Stab: Sleeping          |     3 |     5 |       ||     8
       Invisible         |       |     2 |     1 ||     3
Dodge: Dodged            |     1 |     2 |     1 ||     4
